 Dungeon Crawl Stone Soup version 0.28-a0-1545-g945cd3f (webtiles) character file.

Game seed: 13194568325407227610

562 Illumine the Cleaver (level 7, -10/57 HPs)
             Began as a Hill Orc Gladiator on Jan 17, 2022.
             Was an Initiate of Qazlal.
             Mangled by Prince Ribbit (12 damage)
             ... on level 5 of the Dungeon.
             The game lasted 00:04:12 (5027 turns).

Illumine the Cleaver (Hill Orc Gladiator)           Turns: 5027, Time: 00:04:13

Health: -10/57     AC:  5    Str: 19    XL:     7   Next: 31%
Magic:  7/7        EV: 10    Int:  8    God:    Qazlal [......]
Gold:   252        SH:  7    Dex: 12    Spells: 6/6 levels left

rFire   . . .      SeeInvis .   a - +0 war axe
rCold   . . .      Faith    .   A - +0 kite shield
rNeg    . . .      Spirit   .   b - +0 leather armour
rPois   .          Reflect  .   c - +0 helmet
rElec   .          Harm     .   (no cloak)
rCorr   .          Rampage  .   (no gloves)
Will    .....                   y - +0 pair of boots
Stlth   +.........              (no amulet)
HPRegen 0.19/turn               (no ring)
MPRegen 0.10/turn               (no ring)

@: no status effects
A: no striking features
a: Renounce Religion


You were on level 5 of the Dungeon.
You worshipped Qazlal.
Qazlal was noncommittal.
You visited 1 branch of the dungeon, and saw 5 of its levels.
You also visited: Sewer.

You collected 252 gold pieces.

Inventory:

Hand Weapons
 a - a +0 war axe (weapon)
 r - a +0 hand crossbow
Missiles
 d - a throwing net (quivered)
 e - 35 poisoned darts
 s - 20 bolts
Armour
 b - a +0 leather armour (worn)
 c - a +0 helmet (worn)
 y - a +0 pair of boots (worn)
 A - a +0 kite shield (worn)
Wands
 B - a wand of flame (11)
 D - a wand of paralysis (8)
Scrolls
 f - 2 scrolls of identify {unknown}
 g - a scroll of noise {unknown}
 k - a scroll of fear {unknown}
 m - 4 scrolls of teleportation {unknown}
 o - 2 scrolls of immolation {unknown}
 p - 2 scrolls of blinking {unknown}
 q - 2 scrolls of torment {unknown}
 x - a scroll of amnesia {unknown}
 C - a scroll of fog {unknown}
Potions
 h - 4 potions of invisibility {unknown}
 i - 3 potions of might {unknown}
 j - 2 potions of resistance {unknown}
 l - 3 potions of curing {unknown}
 n - a potion of brilliance {unknown}
 t - 3 potions of haste {unknown}
 u - a potion of mutation {unknown}
 v - 2 potions of heal wounds {unknown}
 w - a potion of ambrosia {unknown}
 z - a potion of lignification {unknown}


   Skills:
 + Level 3.4 Fighting
 + Level 9.5 Axes
 + Level 2.5 Throwing
 + Level 2.9 Dodging
 * Level 0.8 Shields
 + Level 0.1 Invocations


You had 6 spell levels left.
You didn't know any spells.
Your spell library contained the following spells:

 Spells                   Type           Power      Damage    Failure   Level
 Freeze                   Ice            0%         1d3       88%         1
 Magic Dart               Conj           0%         1d3       88%         1
 Call Imp                 Summ           0%         N/A       95%         2
 Frozen Ramparts          Ice            0%         1d2       99%         3
 Mephitic Cloud           Conj/Pois/Air  0%         N/A       99%         3
 Hailstorm                Conj/Ice       0%         3d3       100%        4


Dungeon Overview and Level Annotations

Branches:
Dungeon (5/15)              Sewer (visited)
 Temple: D:4-7

Altars:
Qazlal

Annotations:
D:5 Prince Ribbit


Message History

Press: ? - help, Q - select action, (/) - cycle Shift-Dir - straight line, f/p - Prince Ribbit
Aim: Prince Ribbit (lightly wounded, 36% to hit)
You throw a throwing net. The throwing net misses Prince Ribbit.
Prince Ribbit hits you but does no damage.
Throw: 2 throwing nets
Press: ? - help, Q - select action, (/) - cycle Shift-Dir - straight line, f/p - Prince Ribbit
Aim: Prince Ribbit (lightly wounded, 36% to hit)
You throw a throwing net.
The throwing net closely misses Prince Ribbit.
Prince Ribbit hits you!
* * * LOW HITPOINT WARNING * * *
Prince Ribbit barely misses you.
Throw: throwing net
Press: ? - help, Q - select action, (/) - cycle Shift-Dir - straight line, f/p - Prince Ribbit
Aim: Prince Ribbit (lightly wounded, 36% to hit)
You throw a throwing net. The throwing net hits Prince Ribbit.
Prince Ribbit is caught in the net!
Prince Ribbit is lightly wounded.
Prince Ribbit blinks!
You see here a throwing net.
d - a throwing net You see here 20 arrows.
Prince Ribbit blinks!
Prince Ribbit sighs, "It's not easy being green!"
There is a stone staircase leading up here.
You miss Prince Ribbit.
Prince Ribbit is lightly wounded.
Prince Ribbit hits you.
* * * LOW HITPOINT WARNING * * *
Prince Ribbit hits you but does no damage.
You barely miss Prince Ribbit.
Prince Ribbit is lightly wounded.
Prince Ribbit hits you!
* * * LOW HITPOINT WARNING * * *
You barely miss Prince Ribbit.
Prince Ribbit is lightly wounded.
Prince Ribbit hits you.
* * * LOW HITPOINT WARNING * * *
Prince Ribbit hits you!
You die...

###.#.##
###......###
##......#
#..........#
#...#...#
##..........##
##..##...#
#.........(..#
#..###..##
#..(.........#
..## #..#
##............#
.## #..#
#.............# ##
##..#
#.............# #
#...#
#...@.........# #
#..##
##...F........##..
# #..#
##...............
# #..#
##..........##.. #
#..## ##....†...##
. # ##...#
######..## #
#....# ##.## #
#....# ##.## #
#....# ##..#


You could see Prince Ribbit.

Vanquished Creatures
  3 kobold brigands
  A jelly (D:5)
  A centaur skeleton (D:2)
  An orc priest (D:3)
  A hound (D:4)
  A hound skeleton (D:4)
  7 adders
  4 gnolls (D:4)
  An adder skeleton (D:4)
  3 dart slugs
  7 orcs
  6 endoplasms
  7 giant cockroaches
  11 goblins
  5 hobgoblins
  24 kobolds
  7 quokkas
  7 ball pythons
  7 bats
  A frilled lizard (D:4)
  7 rats
112 creatures vanquished.

Vanquished Creatures (others)
  A fungus (Sewer)
  14 plants
15 creatures vanquished.

Grand Total: 127 creatures vanquished

Notes
Turn   | Place    | Note
-------+----------+-------------------------------------------
     0 | D:1      | Illumine the Hill Orc Gladiator began the quest for the
                  | Orb.
     0 | D:1      | Reached XP level 1. HP: 18/18 MP: 1/1
   168 | D:1      | Reached XP level 2. HP: 21/25 MP: 2/2
   422 | D:1      | Reached skill level 5 in Axes
   468 | D:1      | Reached XP level 3. HP: 26/30 MP: 3/3
  1233 | D:2      | Reached skill level 6 in Axes
  1413 | D:2      | Reached XP level 4. HP: 35/37 MP: 4/4
  1831 | D:3      | Reached skill level 7 in Axes
  2074 | D:4      | Reached XP level 5. HP: 42/42 MP: 5/5
  2129 | D:3      | Found a glowing drain.
  2150 | Sewer    | Entered a sewer
  2344 | Sewer    | Noticed a kobold brigand
  2350 | Sewer    | Killed a kobold brigand
  2351 | Sewer    | Reached skill level 8 in Axes
  2536 | Sewer    | Reached XP level 6. HP: 28/50 MP: 6/6
  2749 | Sewer    | Reached skill level 9 in Axes
  3714 | D:4      | Reached XP level 7. HP: 18/57 MP: 7/7
  4470 | D:5      | Entered Level 5 of the Dungeon
  4499 | D:5      | Found a stormy altar of Qazlal.
  4529 | D:5      | Became a worshipper of Qazlal Stormbringer
  5001 | D:5      | Noticed Prince Ribbit
  5027 | D:5      | HP: 2/57 [Prince Ribbit (4)]
  5027 | D:5      | Mangled by Prince Ribbit

Illustrated notes

Levels and vault maps discovered:
D:1:      beargit_arrival_diablo_church, layout_basic, serial_curves,
          eino_curves_04, eino_curves_02, eino_curves_02, eino_curves_02,
          st_stairs_3
D:2:      layout_loops_ring
D:3:      layout_rooms, portal_sewer_entry_f, hangedman_decor_clover_reticule
D:4:      layout_basic, lexackson_kobold_supper
D:5:      minmay_diamond_boxcup, layout_cave_pods,
          mainiacjoe_overflow_cross_hatched, uniq_prince_ribbit1

Skill      XL: |  1  2  3  4  5  6 |
---------------+-------------------+-----
Axes           | 5 6 7 8 9 |  9.5
Fighting       | 3 |  3.4
Throwing       | 2 |  2.5
Dodging        | |  2.9
Shields        | |  0.8
Invocations    | |  0.1

Action                   |  1- 3 |  4- 6 |  7- 9 || total
-------------------------+-------+-------+-------++-------
Melee: War axe           |    95 |   146 |    62 ||   303
       Punch             |     1 |       |       ||     1
Throw: Throwing net      |       |       |     4 ||     4
 Stab: Sleeping          |     1 |       |       ||     1
Armor: Leather armour    |    26 |    60 |    12 ||    98
Dodge: Dodged            |    72 |   112 |    29 ||   213
Block: Kite shield       |       |       |    14 ||    14

Table legend: (Time is in decaauts)
 A = Elapsed time spent in this place.
 B = Non-inter-level travel time spent in this place.
 C = Inter-level travel time spent in this place.
 D = Time resting spent in this place.
 E = Time spent auto-exploring this place.
 F = Levels seen in this place.
 G = Mean time per level.
                   A        B        C        D        E       F      G
               +--------+--------+--------+--------+--------+-----+--------+
         Total |   5101 |   5049 |     52 |    785 |   3361 |   6 |  850.2 |
       Dungeon |   4253 |   4201 |     52 |    405 |   3058 |   5 |  850.6 |
         Sewer |    848 |    848 |      0 |    380 |    303 |   1 |  848.0 |
               +--------+--------+--------+--------+--------+-----+--------+

Top non-repeatable levels by time:
     D:1: 1231 daAuts
     D:4: 1190 daAuts
   Sewer: 848 daAuts
     D:3: 657 daAuts
     D:2: 612 daAuts
     D:5: 561 daAuts
